 Dungeon Crawl Stone Soup version 0.26-a0-661-g406de6ba63 (webtiles) character file.

Game seed: 16042584588370178912

108 jiml777 the Grasshopper (level 4, -1/38 HPs)
             Began as a Gnoll Warper on Oct 8, 2020.
             Was an Initiate of Gozag.
             Slain by Natasha (5 damage)
             ... on level 2 of the Dungeon.
             The game lasted 00:07:04 (1999 turns).

jiml777 the Grasshopper (Gnoll Warper)              Turns: 1999, Time: 00:07:06

Health: -1/38      AC:  7    Str: 14    XL:     4   Next: 87%
Magic:  20/20      EV: 11    Int: 16    God:    Gozag
Gold:   95         SH:  0    Dex: 14    Spells: 13/13 levels left

rFire    . . .     SeeInvis .   a - +1 spear
rCold    . . .     Faith    .   (no shield)
rNeg     . . .     Spirit   .   h - +0 scale mail
rPois    .         Reflect  .   (no helmet)
rElec    .         Harm     .   (no cloak)
rCorr    .         Rampage  .   t - +0 pair of gloves
MR       .....                  (no boots)
Stlth    ..........             f - amulet of inaccuracy (curse)
HPRegen  0.12/turn              i - ring of magical power
MPRegen  0.17/turn              (no ring)

@: slowed, very slow
A: distributed training, fangs 1, strong nose
a: Potion Petition, Call Merchant, Bribe Branch, Renounce Religion


You were on level 2 of the Dungeon.
You worshipped Gozag.
Gozag was noncommittal.
You visited 1 branch of the dungeon, and saw 2 of its levels.

You collected 120 gold pieces.
You paid 25 gold pieces to Gozag.

Inventory:

Hand Weapons
 a - a +1 spear (weapon)
Missiles
 e - 5 boomerangs of dispersal
 q - 7 arrows
 r - 7 curare-tipped darts (quivered)
Armour
 b - a +0 leather armour
 h - a +0 scale mail (worn)
 t - a +0 pair of gloves (worn)
Jewellery
 f - a cursed amulet of inaccuracy (around neck)
 i - a ring of magical power (left hand)
 o - a cursed ring of teleportation {unknown}
 w - a cursed ring of teleportation {unknown}
Scrolls
 c - 2 scrolls of immolation
 d - a scroll of blinking
 j - 3 scrolls of identify {unknown}
 l - 2 scrolls of amnesia {unknown}
 m - a scroll of fear {unknown}
 n - a scroll of magic mapping {unknown}
 p - a scroll of teleportation {unknown}
Potions
 g - a potion of might {unknown}
 k - a potion of lignification
 s - a potion of invisibility {unknown}
 u - a potion of ambrosia {unknown}
 v - a potion of haste {unknown}


   Skills:
 + Level 4.7 Fighting
 + Level 1.2 Short Blades
 + Level 1.2 Long Blades
 + Level 1.2 Axes
 + Level 1.2 Maces & Flails
 + Level 4.7 Polearms
 + Level 1.2 Staves
 + Level 1.2 Slings
 + Level 1.2 Bows
 + Level 1.2 Crossbows
 + Level 2.8 Throwing
 + Level 2.8 Armour
 + Level 4.7 Dodging
 + Level 1.2 Stealth
 + Level 1.2 Shields
 + Level 1.2 Unarmed Combat
 + Level 5.1 Spellcasting
 + Level 1.0 Conjurations
 + Level 1.0 Hexes
 + Level 1.0 Summonings
 + Level 1.0 Necromancy
 + Level 5.5 Translocations
 + Level 1.0 Transmutations
 + Level 1.0 Fire Magic
 + Level 1.0 Ice Magic
 + Level 1.0 Air Magic
 + Level 1.0 Earth Magic
 + Level 1.0 Poison Magic
 + Level 1.4 Invocations
 + Level 1.2 Evocations


You had 13 spell levels left.
You didn't know any spells.
Your spell library contained the following spells:

 Spells                   Type           Power        Failure   Level
 Blink                    Tloc           N/A          10%         2
 Gell's Gravitas          Tloc           ###.......   19%         3
 Lesser Beckoning         Tloc           ###.......   19%         3
 Teleport Other           Tloc           ###.....     19%         3
 Passage of Golubria      Tloc           N/A          54%         4


Dungeon Overview and Level Annotations

Branches:
Dungeon (2/15)

Altars:
Gozag
Nemelex Xobeh

Annotations:
D:2 Natasha


Innate Abilities, Weirdness & Mutations

Your experience applies equally to all skills.
You have very sharp teeth.
Your uncanny sense of smell can sniff out nearby items.


Message History

Natasha claws you. Natasha misses you.
You hit Natasha. Your bite misses Natasha.
Natasha is heavily wounded.
Natasha claws you.
You miss Natasha.
Natasha is heavily wounded.
Natasha claws you but does no damage.
You miss Natasha. You bite Natasha.
Natasha is heavily wounded.
Natasha wildly gestures.
You feel disoriented. Natasha claws you.
* * * LOW HITPOINT WARNING * * *
You barely miss Natasha.
Natasha is heavily wounded.
Natasha claws you.
* * * LOW HITPOINT WARNING * * *
Natasha claws you.
You die...
Your body crumbles into a pile of gold.

# #####.#####.......#
# #..÷...........####
########
#.###..####.####
÷......###.###..####.#
.....................#
######.#######..######
.......# ####..#
######## #.....######
# #.##.h@....# #
#.##.#####.# ####
#.##.# #)# ...# ###
#.##.# #.#
##.###.####.##.# #.#
............##.# #.#
##.###.#######.# #.#
#.# ### #.# #.# #.#
#.#


You could see Natasha.

Vanquished Creatures
  Terence (D:2)
  Natasha (D:2)
  An adder (D:2)
  An ooze (D:2)
  A ball python (D:1)
  A giant cockroach (D:1)
  7 goblins
  7 hobgoblins
  5 jackals
  5 kobolds
  3 bats (D:1)
  7 frilled lizards (D:1)
  4 rats
44 creatures vanquished.

Notes
Turn   | Place    | Note
-------+----------+-------------------------------------------
     0 | D:1      | jiml777 the Gnoll Warper began the quest for the Orb.
     0 | D:1      | Reached XP level 1. HP: 20/20 MP: 6/6
    48 | D:1      | Reached XP level 2. HP: 25/26 MP: 7/7
   334 | D:1      | Reached XP level 3. HP: 31/31 MP: 9/9
   407 | D:1      | Reached skill level 5 in Spellcasting
   985 | D:2      | Reached skill level 1 in Invocations
  1539 | D:2      | Found an opulent altar of Gozag.
  1539 | D:2      | Noticed Natasha
  1562 | D:2      | Killed Natasha
  1562 | D:2      | Reached skill level 1 in Short Blades
  1562 | D:2      | Reached skill level 1 in Long Blades
  1562 | D:2      | Reached skill level 1 in Axes
  1562 | D:2      | Reached skill level 1 in Maces & Flails
  1562 | D:2      | Reached skill level 1 in Staves
  1562 | D:2      | Reached skill level 1 in Slings
  1562 | D:2      | Reached skill level 1 in Bows
  1562 | D:2      | Reached skill level 1 in Crossbows
  1562 | D:2      | Reached skill level 1 in Stealth
  1562 | D:2      | Reached skill level 1 in Shields
  1562 | D:2      | Reached skill level 1 in Unarmed Combat
  1562 | D:2      | Reached skill level 1 in Evocations
  1562 | D:2      | Reached XP level 4. HP: 32/38 MP: 11/11
  1569 | D:2      | Found a sparkling altar of Nemelex Xobeh.
  1592 | D:2      | Became a worshipper of Gozag Ym Sagoz the Greedy
  1873 | D:2      | Noticed Terence
  1911 | D:2      | Killed Terence
  1911 | D:2      | Reached skill level 1 in Conjurations
  1911 | D:2      | Reached skill level 1 in Hexes
  1911 | D:2      | Reached skill level 1 in Summonings
  1911 | D:2      | Reached skill level 1 in Necromancy
  1911 | D:2      | Reached skill level 1 in Transmutations
  1911 | D:2      | Reached skill level 1 in Fire Magic
  1911 | D:2      | Reached skill level 1 in Ice Magic
  1911 | D:2      | Reached skill level 1 in Air Magic
  1911 | D:2      | Reached skill level 1 in Earth Magic
  1911 | D:2      | Reached skill level 1 in Poison Magic
  1988 | D:2      | Noticed Natasha
  1999 | D:2      | Slain by Natasha

Illustrated notes

Levels and vault maps discovered:
D:1:      minmay_arrival_four_houses, layout_basic, minmay_hexomino_p4
D:2:      layout_loops_ring, grunt_temple_overflow_opulence, uniq_terence,
          uniq_natasha

Skill      XL: |  1  2  3  4 |
---------------+-------------+-----
Spellcasting   | 5 |  5.1
Invocations    | 1 |  1.4
Short Blades   | 1 |  1.2
Long Blades    | 1 |  1.2
Axes           | 1 |  1.2
Maces & Flails | 1 |  1.2
Staves         | 1 |  1.2
Slings         | 1 |  1.2
Bows           | 1 |  1.2
Crossbows      | 1 |  1.2
Stealth        | 1 |  1.2
Shields        | 1 |  1.2
Unarmed Combat | 1 |  1.2
Evocations     | 1 |  1.2
Conjurations   | 1 |  1.0
Hexes          | 1 |  1.0
Summonings     | 1 |  1.0
Necromancy     | 1 |  1.0
Transmutations | 1 |  1.0
Fire Magic     | 1 |  1.0
Ice Magic      | 1 |  1.0
Air Magic      | 1 |  1.0
Earth Magic    | 1 |  1.0
Poison Magic   | 1 |  1.0
Fighting       | |  4.7
Polearms       | |  4.7
Throwing       | |  2.8
Armour         | |  2.8
Dodging        | |  4.7
Translocations | |  5.5

Action                   |  1- 3 |  4- 6 || total
-------------------------+-------+-------++-------
Melee: Spear             |   181 |    63 ||   244
       Bite              |     9 |    10 ||    19
Throw: Dart              |       |     3 ||     3
  Use: Scroll            |     2 |       ||     2
       Potion            |     1 |       ||     1
Armor: Leather armour    |    15 |       ||    15
       Scale mail        |    46 |    19 ||    65
Dodge: Dodged            |   102 |    26 ||   128

Table legend: (Time is in decaauts)
 A = Elapsed time spent in this place.
 B = Non-inter-level travel time spent in this place.
 C = Inter-level travel time spent in this place.
 D = Time resting spent in this place.
 E = Time spent auto-exploring this place.
 F = Levels seen in this place.
 G = Mean time per level.
                   A        B        C        D        E       F      G
               +--------+--------+--------+--------+--------+-----+--------+
         Total |   1974 |   1957 |     17 |    456 |    868 |   2 |  987.0 |
       Dungeon |   1974 |   1957 |     17 |    456 |    868 |   2 |  987.0 |
               +--------+--------+--------+--------+--------+-----+--------+

Top non-repeatable levels by time:
     D:2: 1098 daAuts
     D:1: 875 daAuts
